 Dungeon Crawl Stone Soup version 0.19.0-18-g426998a (webtiles) character file.

225 dysrexia the Vexing (level 5, 0/21 HPs)
             Began as a Felid Enchanter on Nov 11, 2016.
             Was a Believer of Cheibriados.
             Slain by a gnoll (8 damage)
             ... on level 4 of the Dungeon.
             The game lasted 00:11:56 (4278 turns).

dysrexia the Vexing (Felid Enchanter)               Turns: 4278, Time: 00:11:57

Health: 0/21       AC:  1    Str:  8    XL:     5   Next: 68%
Magic:  2/9        EV: 18    Int: 20    God:    Cheibriados [**....]
Gold:   206        SH:  0    Dex: 22    Spells: 2 memorised, 5 levels left
                                        Lives:  0   Deaths: 1

rFire  . . .     SeeInvis +       - Unarmed
rCold  . . .     Gourm    .     (armour unavailable)
rNeg   . . .     Faith    .     (shield unavailable)
rPois  .         Spirit   .     (helmet unavailable)
rElec  .         Reflect  .     (cloak unavailable)
rCorr  .         Harm     .     (gloves unavailable)
MR     .....                    (boots unavailable)
Stlth  ++++......               (no amulet)
                                (no ring)
                                (no ring)

@: very slow
A: no armour, no weapons or thrown items, stealth, claws 1, fangs 3, see
invisible, carnivore 3, speed 1, shaggy fur 1, slow metabolism 1, sharp paws
a: Bend Time, Renounce Religion


You were on level 4 of the Dungeon.
You worshipped Cheibriados.
Cheibriados was pleased with you.
You were completely stuffed.

You visited 1 branch of the dungeon, and saw 4 of its levels.

You collected 206 gold pieces.

Inventory:

Jewellery
 d - an uncursed ring of positive energy {unknown}
 h - a +1 ring of slaying {unknown}
 o - an uncursed ring of protection from magic {unknown}
Scrolls
 c - 4 scrolls of identify {unknown}
 e - a scroll of recharging {unknown}
 f - 5 scrolls of blinking {unknown}
 i - a scroll of amnesia {unknown}
 j - 3 scrolls of enchant weapon {unknown}
 l - 2 scrolls of magic mapping {unknown}
 m - a scroll of remove curse {unknown}
 n - a scroll of teleportation {unknown}
 s - a scroll of fear {unknown}
Potions
 k - 2 potions of haste {unknown}
 p - a potion of cancellation {unknown}
 q - a potion of cure mutation {unknown}
 t - a potion of magic {unknown}
Books
 a - a book of Maledictions

   Spells                             Type                      Level
   a - Corona                         Hexes                        1
   b - Ensorcelled Hibernation        Hexes/Ice                    2
   c - Confuse                        Hexes                        3
   d - Tukima's Dance                 Hexes                        3
   e - Dazzling Spray                 Conjuration/Hexes            3
Comestibles
 b - 2 meat rations
 g - 2 royal jellies
 r - 2 chunks of flesh


   Skills:
 - Level 2.6 Dodging
 + Level 6.1 Stealth
 * Level 4.4 Unarmed Combat
 - Level 2.0 Spellcasting
 + Level 6.6 Hexes


You had 5 spell levels left.
You knew the following spells:

 Your Spells              Type           Power        Failure   Level  Hunger
a - Corona                Hex            ####...      1%          1    #......
b - Ensorcelled Hibernat  Hex/Ice        ###...       10%         2    ##.....


Dungeon Overview and Level Annotations

Branches:
Dungeon (4/15)
 Temple: D:4-7

Altars:
Cheibriados


Innate Abilities, Weirdness & Mutations

You cannot wear armour.
You are incapable of wielding weapons or throwing items.
Your paws allow you to move quietly. (Stealth)
You have sharp claws.
You have razor-sharp teeth.
You have supernaturally acute eyesight. (SInv)
You are carnivorous and can eat meat at any time.
You cover ground quickly.
You are covered in fur. (AC +1)
You have a slow metabolism.
Your sharp claws are effective at attacking unaware monsters.


Message History

The gnoll shaman resists with some effort.
The gnoll shaman misses you.
You claw the gnoll shaman!
The gnoll shaman is heavily wounded.
The jackal bites you.
The gnoll shaman hits you but does no damage.
You scratch the gnoll shaman.
The gnoll shaman is severely wounded.
The jackal misses you. The gnoll barely misses you.
The jackal closely misses you. The gnoll shaman hits you with a whip!
You scratch the gnoll shaman but do no damage.
You bite the gnoll shaman, but do no damage.
The gnoll shaman is severely wounded.
The gnoll misses you. The jackal bites you. The gnoll misses you.
The gnoll shaman closely misses you.
You claw the gnoll shaman!
You kill the gnoll shaman!
Cheibriados appreciates the change of pace.
The gnoll hits you!
You die...

......... #........
##########........
#......##g.#......
#.......#g## #....
##......h.## ##.
#.......g>.####
#.....h)......###
#.....@g.†.......#
##..........[......
#...........#......
#..>...)....#####..
#.......)...# .
#...........##
#.>..........#
#............#
#........<...#


You could see 4 gnolls and 2 jackals.

Vanquished Creatures
  A gnoll shaman (D:4)
  2 orc priests
  Ijyb (D:2)
  Natasha (thrice) (D:2)
  A gnoll (D:4)
  5 adders
  3 oozes
  3 worms
  2 dart slugs
  4 leopard geckos
  5 orcs
  8 bats
  6 giant cockroaches
  4 goblins
  8 hobgoblins
  4 jackals
  8 kobolds
  6 frilled lizards
  7 rats
81 creatures vanquished.

Notes
Turn   | Place    | Note
-------+----------+-------------------------------------------
     0 | D:1      | dysrexia the Felid Enchanter began the quest for the Orb.
     0 | D:1      | Reached XP level 1. HP: 7/7 MP: 4/4
   511 | D:1      | Reached XP level 2. HP: 5/11 MP: 4/6
   806 | D:1      | Found a snail-covered altar of Cheibriados.
   811 | D:1      | Became a worshipper of Cheibriados the Contemplative
   965 | D:1      | Learned a level 2 spell: Ensorcelled Hibernation
  1211 | D:1      | Reached XP level 3. HP: 7/14 MP: 2/7
  1217 | D:1      | Reached skill level 5 in Hexes
  2401 | D:2      | Reached XP level 4. HP: 11/18 MP: 3/8
  2562 | D:2      | Noticed Natasha
  2573 | D:2      | Killed Natasha
  2573 | D:2      | Reached * piety under Cheibriados
  2573 | D:2      | Reached skill level 5 in Stealth
  2827 | D:2      | Noticed Natasha
  2830 | D:2      | Killed Natasha
  2830 | D:2      | Reached XP level 5. HP: 21/21 MP: 3/9
  2933 | D:2      | Noticed Ijyb
  2940 | D:2      | Killed Ijyb
  3181 | D:2      | Noticed Natasha
  3184 | D:2      | Killed Natasha
  3339 | D:3      | Slain by an orc
  3340 | D:3      | Reached XP level 4. HP: -1/18 MP: 6/8
  3670 | D:3      | Reached ** piety under Cheibriados
  3670 | D:3      | Reached XP level 5. HP: 21/21 MP: 5/9
  4278 | D:4      | Slain by a gnoll

Skill      XL: |  1  2  3  4  5 |
---------------+----------------+-----
Unarmed Combat | 2 3 4 |  4.4
Hexes          | 5 6 |  6.6
Stealth        | 5 6 |  6.1
Dodging        | |  2.6
Spellcasting   | |  2.0

Action                   |  1- 3 |  4- 6 || total
-------------------------+-------+-------++-------
Melee: Unarmed           |   118 |    86 ||   204
       Bite              |    10 |     9 ||    19
       Punch             |     2 |       ||     2
 Cast: Corona            |    11 |     8 ||    19
       Ensorcelled Hiber |     8 |    20 ||    28
  Use: Potion            |     1 |     1 ||     2
 Stab: Sleeping          |    12 |    31 ||    43
  Eat: Chunk             |    11 |    10 ||    21
Armor: Skin              |     8 |     4 ||    12
Dodge: Dodged            |   106 |    60 ||   166
